[Event "*** Titled Tuesday Blitz"]
[Site "Chess.com"]
[Date "2020.04.14"]
[Round "5"]
[White "DIM90"]
[Black "gixfantastix"]
[Result "1-0"]
[WhiteElo "2244"]
[BlackElo "2080"]
[TimeControl "180+1"]
[EndTime "10:50:09 PDT"]
[Termination "DIM90 won by checkmate"]

1. e4 d5 2. exd5 Qxd5 3. Nc3 Qd6 4. d4 a6 5. Nf3 Nf6 6. Ne5 c5 7. Nc4 Qc7 8. g3 b5 9. Bf4 Qa7 10. Ne5 Bb7 11. d5 e6 12. dxe6 Bxh1 13. exf7+ Ke7 14.
Bh3 b4 15. Ng6+ Kxf7 16. Be6+ Kxe6 17. Nxh8 bxc3 18. Qe2+ Kd7 19. O-O-O+ Kc8 20. Qe6+ Nbd7 21. Rxh1 Qb7 22. Re1 Qxb2+ 23. Kd1 Qb1+ 24. Bc1 Qxc2+ 25. Kxc2 Rb8 26. Qc6+ Kd8 27. Nf7# 1-0

[Event "*** Titled Tuesday Blitz"]
[Site "Chess.com"]
[Date "2020.04.14"]
[Round "5"]
[White "SPEEDSKATER"]
[Black "josiwales"]
[Result "1-0"]
[WhiteElo "2819"]
[BlackElo "2573"]
[TimeControl "180+1"]
[EndTime "10:50:10 PDT"]
[Termination "SPEEDSKATER won by resignation"]

1. d4 d5 2. c4 c6 3. Nf3 Nf6 4. e3 Bf5 5. Nc3 e6 6. Nh4 Be4 7. f3 Bg6 8. Qb3 Qc7 9. Bd2 Be7 10.
O-O-O a6 11. cxd5 cxd5 12. Nxg6 hxg6 13. Kb1 Nc6 14. Rc1 Kf8 15. Na4 b5 16. Nc5 Kg8 17. Nd3 Qb6 18. Qc2 Rc8 19. g4 Kh7 20. h4 Nxd4 21.
Qd1 Rxc1+ 22. Bxc1 Nc6 23. Nf4 Rc8 24. Bd3 Kg8 25. g5 Nh5 26. Nxh5 gxh5 27. g6 Nb4 28. gxf7+ Kf8 29. Bg6 e5 30. Rg1 d4 31. exd4 exd4 32.
f4 d3 33. Qxh5 Bf6 34. Qh8+ 1-0

[Event "*** Titled Tuesday Blitz"]
[Site "Chess.com"]
[Date "2020.04.14"]
[Round "5"]
[White "Eloist"]
[Black "MPGM"]
[Result "0-1"]
[WhiteElo "2263"]
[BlackElo "2469"]
[TimeControl "180+1"]
[EndTime "10:50:10 PDT"]
[Termination "MPGM won on time"]

1. e4 c6 2. Nf3 d5 3. Nc3 Bg4 4. d4 e6 5. h3 Bh5 6. Bd3 Nf6 7. O-O Be7 8. Re1 Bg6 9. Bf4 dxe4 10. Nxe4 Nxe4 11. Bxe4 Nd7 12. Bxg6 hxg6 13. c4 O-O 14. d5 cxd5 15. cxd5 exd5 16. Qxd5 Nf6 17. Qxb7 Bc5 18.
Rad1 Qa5 19. a3 Qa4 20. b4 Bb6 21. Rd3 Qc2 22. Rd2 Qc3 23. Qa6 Rfe8 24. Rxe8+ Rxe8 25.
Qd3 Qc1+ 26. Kh2 Ne4 27. Qd7 Rf8 28. Bd6 Nxd6 29. Rxd6 Bc7 0-1

[Event "*** Titled Tuesday Blitz"]
[Site "Chess.com"]
[Date "2020.04.14"]
[Round "5"]
[White "zurzan"]
[Black "flomarechot"]
[Result "1-0"]
[WhiteElo "1951"]
[BlackElo "2164"]
[TimeControl "180+1"]
[EndTime "10:50:10 PDT"]
[Termination "zurzan won on time"]

1. f4 d5 2. Nf3 Bg4 3. e3 Nf6 4. h3 Bf5 5. d3 Nc6 6. Be2 g6 7.
Nc3 Bg7 8. g4 Bd7 9. Bd2 e6 10.
Rg1 Qe7 11. a3 a6 12. h4 O-O-O 13. g5 Ne8 14. Bf1 Nd6 15. Qe2 e5 16. fxe5 Bxe5 17. Nxe5 Qxe5 18. O-O-O h5 19. Bg2 Be6 20. d4 Qh2 21. Rh1 Qg3 22. Be1 Qg4 23. Bf3 Qf5 24. Rf1 Ne4 25. Bxe4 Qxf1 26. Qxf1 dxe4 27. Nxe4 Bd5 28.
Nf6 Be6 29. Bc3 Bg4 30. Rd2 Rhf8 31. e4 Rd6 32. e5 Rdd8 33. d5 Ne7 34. Bb4 Nf5 35.
Bxf8 Rxf8 36. Qc4 1-0

[Event "*** Titled Tuesday Blitz"]
[Site "Chess.com"]
[Date "2020.04.14"]
[Round "5"]
[White "kaumandur01"]
[Black "Indianlad"]
[Result "1/2-1/2"]
[WhiteElo "2806"]
[BlackElo "2970"]
[TimeControl "180+1"]
[EndTime "10:50:11 PDT"]
[Termination "Game drawn by agreement"]

1. d4 Nf6 2. c4 g6 3. Nf3 Bg7 4.
Nc3 d5 5. cxd5 Nxd5 6. e4 Nxc3 7.
bxc3 c5 8. Be3 Bg4 9. Be2 O-O 10. O-O Qa5 11. Qb3 cxd4 12. cxd4 Nc6 13. Rad1 Qb6 14.
d5 Qxb3 15. axb3 Nb4 16. Rc1 Rfc8 17. Rxc8+ Rxc8 18. Bxa7 Rc3 19. Bc4 b5 20. Bxb5 Rxb3 21. Be2 Nd3 22. h3 Bxf3 23. Bxf3 Be5 24. Be3 Kg7 25.
Rd1 f6 26. Be2 Nf4 27. Bf1 g5 28. g3 Ng6 29. Rc1 Bxg3 30. Bc4 Ra3 31. Bc5 Ra5 32. Bb6 Bf4 33. Bxa5 Bxc1 34. Bc3 Bf4 35. Be2 Be5 36. Bd2 Bf4 37. Bc3 Bd6 38. Bg4 Be5 39. Bd2 Nh4 40. Be3 Bd6 41. Kf1 Ng6 42. Ke2 Ne5 43. Be6 h5 44. f4 Nc4 1/2-1/2

[Event "*** Titled Tuesday Blitz"]
[Site "Chess.com"]
[Date "2020.04.14"]
[Round "5"]
[White "axvesik"]
[Black "johnathan113"]
[Result "0-1"]
[WhiteElo "2447"]
[BlackElo "2643"]
[TimeControl "180+1"]
[EndTime "10:50:11 PDT"]
[Termination "johnathan113 won by resignation"]

1. e4 c5 2. Nf3 g6 3. d4 cxd4 4.
Nxd4 Bg7 5. Nc3 Nc6 6. Be3 Nf6 7. Bc4 O-O 8. Bb3 d5 9. exd5 Na5 10. Qd2 Nxb3 11.
Nxb3 b5 12. Nxb5 Qxd5 13. Nc3 Qxg2 14. O-O-O a5 15. Bh6 Bxh6 16. Qxh6 a4 17. Nd4 a3 18. b3 Bg4 19. Rhg1 Qxf2 20. Rgf1 Qg2 21. Rde1 Rac8 22.
Qe3 Rfe8 23. Rg1 Qxh2 24. Rh1 Qc7 25. Ndb5 Qc5 26. Qh6 Bh5 27. Reg1 Kh8 28. Rg3 Rb8 29. Qg5 Rec8 0-1

[Event "*** Titled Tuesday Blitz"]
[Site "Chess.com"]
[Date "2020.04.14"]
[Round "5"]
[White "hakki1"]
[Black "enriquetejedor"]
[Result "0-1"]
[WhiteElo "2389"]
[BlackElo "2582"]
[TimeControl "180+1"]
[EndTime "10:50:11 PDT"]
[Termination "enriquetejedor won by resignation"]

1. d4 Nf6 2. c4 d6 3. Nc3 e5 4.
Nf3 Nbd7 5. e4 g6 6. Be2 Bg7 7. O-O O-O 8. Qc2 exd4 9. Nxd4 Re8 10. Be3 Nc5 11. f3 a5 12. Rad1 Nfd7 13. Qd2 Nb6 14.
Bh6 Bd7 15. Bxg7 Kxg7 16. b3 h5 17. Nc2 Qf6 18. Ne3 Bc6 19. Ncd5 Bxd5 20. Nxd5 Nxd5 21. Qxd5 Re5 22. Qd2 Re7 23. Bd3 Ne6 24. Bb1 g5 25. g3 h4 26. f4 hxg3 27. hxg3 gxf4 28. gxf4 Rg8 29. e5 Kf8+ 30. Kh1 Rh8+ 31. Kg1 Qh4 32. Be4 f5 33. exf6 Qxf6 34. Bg2 Rg7 35. f5 Ng5 36. Kf2 Ne4+ 37. Bxe4 Rh2+ 38. Kf3 Rxd2 39. Rxd2 Qc3+ 40. Rd3 Qc2 41. f6 Qg2+ 42. Ke3 Rg3+ 43.
Kd4 c5+ 44. Kc3 Qxf1 45. Rxg3 Qe1+ 0-1

[Event "*** Titled Tuesday Blitz"]
[Site "Chess.com"]
[Date "2020.04.14"]
[Round "5"]
[White "ChessFunMaker"]
[Black "20ofJuly"]
[Result "1-0"]
[WhiteElo "2388"]
[BlackElo "2219"]
[TimeControl "180+1"]
[EndTime "10:50:11 PDT"]
[Termination "ChessFunMaker won on time"]

1. c4 e5 2. g3 Nf6 3. Bg2 c6 4. d4 exd4 5. Qxd4 d5 6. Nc3 Be6 7. cxd5 cxd5 8. Nf3 Nc6 9. Qa4 Qa5 10. Qxa5 Nxa5 11.
O-O Bb4 12. Nb5 O-O 13. Nfd4 Rfc8 14. Bf4 Ne8 15. Nxe6 fxe6 16. Bh3 Kf7 17. Nd4 Rc6 18. a3 Bc5 19. Nxc6 Nxc6 20. b4 Bd4 21. Rab1 e5 22. Bd2 Nd6 23. b5 Ne7 24. e3 Bb6 25. Bb4 Ne4 26. Bg2 Rf8 27. Rfd1 Ke6 28. Bxe4 dxe4 29. Rd6+ Kf7 30. Rd7 1-0

[Event "*** Titled Tuesday Blitz"]
[Site "Chess.com"]
[Date "2020.04.14"]
[Round "5"]
[White "tandaleo"]
[Black "HElissalt"]
[Result "1-0"]
[WhiteElo "2342"]
[BlackElo "2146"]
[TimeControl "180+1"]
[EndTime "10:50:11 PDT"]
[Termination "tandaleo won by resignation"]

1. d4 Nf6 2. c4 e6 3. Nc3 Bb4 4. e3 O-O 5. Ne2 d5 6. a3 Be7 7. cxd5 exd5 8. Nf4 c6 9. Bd3 Nbd7 10. O-O Re8 11. b4 a6 12. Rb1 b5 13. e4 dxe4 14. Nxe4 Nb6 15. Bb2 Nfd5 16. Nxd5 cxd5 17. Nc5 Nc4 18. a4 a5 19. axb5 axb4 20. Ba1 Qb6 21. Rxb4 Bxc5 22. dxc5 Qxc5 23. Rb1 f6 24. Qh5 f5 25. Qxe8+ 1-0

[Event "*** Titled Tuesday Blitz"]
[Site "Chess.com"]
[Date "2020.04.14"]
[Round "5"]
[White "nfds"]
[Black "Beca95"]
[Result "0-1"]
[WhiteElo "2581"]
[BlackElo "2887"]
[TimeControl "180+1"]
[EndTime "10:50:12 PDT"]
[Termination "Beca95 won by resignation"]

1. Nf3 g6 2. d4 Bg7 3. g3 d6 4. Bg2 Nd7 5. O-O e5 6. dxe5 dxe5 7. e4 Ngf6 8. Nc3 O-O 9. Qe2 c6 10. b3 Re8 11. Bb2 a5 12. a4 Qc7 13. Rad1 Nf8 14. Nd2 Bg4 15. f3 Be6 16. Nc4 Bxc4 17. Qxc4 Qb6+ 18. Kh1 h5 19. Ba3 Ne6 20. Bd6 Nh7 21. Ne2 Rad8 22. f4 Nf6 23. h3 exf4 24. gxf4 Bf8 25. Bxf8 Nxf8 26. e5 Rxd1 27. Rxd1 N6h7 28.
Ng3 Qe3 29. Rd3 Qc1+ 30. Kh2 h4 31. Ne4 Qxf4+ 0-1

[Event "*** Titled Tuesday Blitz"]
[Site "Chess.com"]
[Date "2020.04.14"]
[Round "5"]
[White "FranciscodelaF"]
[Black "JozefKneht"]
[Result "0-1"]
[WhiteElo "2412"]
[BlackElo "2596"]
[TimeControl "180+1"]
[EndTime "10:50:13 PDT"]
[Termination "JozefKneht won by resignation"]

1. d4 d5 2. c4 e6 3. Nf3 Nf6 4. g3 Be7 5. Bg2 O-O 6. O-O dxc4 7. Qc2 a6 8. a4 Bd7 9. Qxc4 Bc6 10.
Bf4 Bd6 11. Bg5 Nbd7 12. Nc3 h6 13. Bxf6 Nxf6 14. Rfd1 Bd5 15. Qd3 Bxf3 16. Qxf3 c6 17. e4 Be7 18. Qe2 Re8 19. f4 Qb6 20. a5 Qb4 21. e5 Nd5 22. Ne4 Red8 23. Qf2 Nc7 24.
f5 exf5 25. Qxf5 Rxd4 26. Rf1 Rf8 27. Nf6+ gxf6 28. exf6 Bc5 29. Kh1 Rg4 30. Bf3 Rg5 31. Qh3 Rg6 32. Rae1 Rxf6 33. Be4 Rxf1+ 34. Qxf1 Ne6 35.
Qf5 Qxe1+ 36. Kg2 Qg1+ 37. Kh3 Ng5+ 38. Kg4 Nxe4 0-1

[Event "*** Titled Tuesday Blitz"]
[Site "Chess.com"]
[Date "2020.04.14"]
[Round "5"]
[White "Kumi29"]
[Black "StegariuVlad"]
[Result "1/2-1/2"]
[WhiteElo "2419"]
[BlackElo "2588"]
[TimeControl "180+1"]
[EndTime "10:50:13 PDT"]
[Termination "Game drawn by repetition"]

1. d4 Nf6 2. Bg5 e6 3. Nd2 c5 4. e3 Be7 5. Bd3 b6 6. Ngf3 Bb7 7. O-O O-O 8. c3 d5 9. Ne5 Nbd7 10. f4 Ne8 11. Bxh7+ Kxh7 12. Qh5+ Kg8 13. Rf3 Nxe5 14. Rh3 f5 15. dxe5 d4 16. Nf3 Bxf3 17. gxf3 dxe3 18. Kh1 e2 19. Rg1 Qd1 20. Bxe7 Qxg1+ 21. Kxg1 e1=Q+ 22. Kg2 Qe2+ 23. Kg1 Qe1+ 24. Kg2 Qe2+ 25. Kg1 Qe1+ 1/2-1/2

[Event "*** Titled Tuesday Blitz"]
[Site "Chess.com"]
[Date "2020.04.14"]
[Round "5"]
[White "ninullia"]
[Black "maxsergej"]
[Result "1-0"]
[WhiteElo "2454"]
[BlackElo "2235"]
[TimeControl "180+1"]
[EndTime "10:50:13 PDT"]
[Termination "ninullia won by resignation"]

1. d4 Nf6 2. c4 g6 3. Nf3 d5 4. cxd5 Nxd5 5. g3 Bg7 6. Bg2 O-O 7. O-O c6 8. e4 Nb6 9. Nc3 Na6 10. Qe2 Bg4 11.
Be3 Rc8 12. Rad1 Qe8 13. h3 Be6 14. b3 f6 15. Nh4 c5 16. d5 Bf7 17. f4 c4 18. Bd4 cxb3 19. axb3 Nc5 20. Rb1 e6 21. Qf2 Nd3 22. Qe3 Nb4 23. Rfc1 exd5 24. Bc5 d4 25. Qxd4 Nc6 26. Qf2 Qe6 27. f5 Qe5 28. Nf3 Qc7 29. Bxf8 Bxf8 30. Nd5 Qd8 31. Nxb6 axb6 32.
Kh2 Bc5 33. Qe2 Nd4 34. Nxd4 Qxd4 35. b4 Bd6 36. Rxc8+ 1-0

[Event "*** Titled Tuesday Blitz"]
[Site "Chess.com"]
[Date "2020.04.14"]
[Round "5"]
[White "sandromareco"]
[Black "AlexandraSamaganova"]
[Result "1-0"]
[WhiteElo "2880"]
[BlackElo "2157"]
[TimeControl "180+1"]
[EndTime "10:50:13 PDT"]
[Termination "sandromareco won by resignation"]

1. d4 Nf6 2. Bf4 e6 3. e3 b6 4. Nf3 Bb7 5. Be2 Be7 6. h3 O-O 7.
O-O c5 8. a4 Nc6 9. c3 h6 10.
Nbd2 d5 11. Bd3 Rc8 12. Ne5 Nxe5 13. dxe5 Ne4 14. Nf3 f6 15. exf6 Bxf6 16. Qe2 Nd6 17. Ne5 Bxe5 18. Bxe5 Nf7 19. Bg3 e5 20. e4 d4 21.
cxd4 exd4 22. e5 Ng5 23. f4 Ne6 24. f5 Ng5 25. h4 Nh7 26. f6 gxf6 27. Qg4+ Kh8 28.
Qf5 Rc7 29. exf6 Rcf7 30. Be5 Qd5 31. Rf2 c4 32. Bf1 Re8 33. Re1 d3 34. Qg6 Rg8 35.
Qxh6 Qc5 36. Bc3 Bc6 37. Re7 Qd5 38. Rxa7 Qe4 39. Rxf7 1-0

[Event "*** Titled Tuesday Blitz"]
[Site "Chess.com"]
[Date "2020.04.14"]
[Round "5"]
[White "GMMatamoros"]
[Black "frankshar"]
[Result "1-0"]
[WhiteElo "2509"]
[BlackElo "2255"]
[TimeControl "180+1"]
[EndTime "10:50:14 PDT"]
[Termination "GMMatamoros won by resignation"]

1. Nf3 Nf6 2. c4 e6 3. g3 d5 4. Bg2 dxc4 5. Qa4+ Bd7 6. Qxc4 c5 7. Qc2 Qc8 8. Nc3 Nc6 9. O-O Be7 10. e3 O-O 11. a3 b6 12. d4 cxd4 13. exd4 Qa6 14. Be3 Rac8 15. b4 b5 16. Rfd1 Nd5 17. Nxd5 exd5 18.
Qb3 Be6 19. Rac1 Qb7 20. Ne5 Rfd8 21. Nd3 a5 22. Nc5 Qb6 23. Nxe6 fxe6 24. Bh3 Kf7 25.
Qd3 g6 26. Qe2 Na7 27. bxa5 Qxa5 28. Bxe6+ 1-0

[Event "*** Titled Tuesday Blitz"]
[Site "Chess.com"]
[Date "2020.04.14"]
[Round "5"]
[White "Zkid"]
[Black "kayrakamer"]
[Result "1-0"]
[WhiteElo "2819"]
[BlackElo "2573"]
[TimeControl "180+1"]
[EndTime "10:50:15 PDT"]
[Termination "Zkid won by checkmate"]

1. e4 c5 2. Nf3 e6 3. d4 cxd4 4.
Nxd4 a6 5. c4 Nf6 6. Nc3 Qc7 7.
a3 b6 8. Be2 Bb7 9. f3 Be7 10.
O-O d6 11. Be3 Nbd7 12. Rc1 O-O 13. Kh1 Rac8 14. Qe1 Qb8 15. g4 Bd8 16. g5 Ne8 17. h4 Bc7 18. h5 Ne5 19. f4 Nc6 20. Nf3 f5 21. exf5 Rxf5 22. Bd3 Ne5 23. Bxf5 Nxf3 24.
Bxe6+ Kh8 25. Rxf3 Bxf3+ 26. Kg1 Rd8 27. h6 d5 28. Bd4 Bxf4 29. Bf7 Bh2+ 30. Kf1 Be4 31.
Nxd5 Rxd5 32. Qxe4 Rxd4 33. Qxd4 Qb7 34. hxg7+ Nxg7 35. Qd8+ Ne8 36. Qxe8+ Kg7 37. Qg8# 1-0

[Event "*** Titled Tuesday Blitz"]
[Site "Chess.com"]
[Date "2020.04.14"]
[Round "5"]
[White "renehp"]
[Black "RiskyDecision"]
[Result "1/2-1/2"]
[WhiteElo "2425"]
[BlackElo "2592"]
[TimeControl "180+1"]
[EndTime "10:50:15 PDT"]
[Termination "Game drawn by repetition"]

1. e4 e6 2. d4 d5 3. Nc3 Nf6 4.
e5 Nfd7 5. f4 c5 6. Nf3 Be7 7.
Be3 b6 8. Qd2 Nc6 9. Nd1 cxd4 10.
Nxd4 Nxd4 11. Bxd4 O-O 12. Bd3 Nb8 13. O-O Nc6 14. c3 Nxd4 15. cxd4 Bd7 16. Ne3 f5 17. g4 g6 18. gxf5 gxf5 19. Kh1 Kh8 20. Rg1 Rg8 21.
Rac1 Rc8 22. Rxg8+ Qxg8 23. Rg1 Qf7 24. b3 b5 25. Qa5 Qh5 26. Qxa7 Qf3+ 27. Ng2 Rg8 28. Bf1 Bh4 29. Qxd7 Bf2 30. Qxe6 Bxg1 31. Qf6+ Rg7 32.
Kxg1 Qe3+ 33. Kh1 Qf2 34. Qf8+ Rg8 35. Qf6+ Rg7 36. Qf8+ Rg8 37. Qf6+ Rg7 1/2-1/2

[Event "*** Titled Tuesday Blitz"]
[Site "Chess.com"]
[Date "2020.04.14"]
[Round "5"]
[White "Er_is_geen_hoop_meer"]
[Black "codapbg94"]
[Result "1-0"]
[WhiteElo "2486"]
[BlackElo "2046"]
[TimeControl "180+1"]
[EndTime "10:50:16 PDT"]
[Termination "Er_is_geen_hoop_meer won by resignation"]

1. b4 d6 2. Bb2 Nd7 3. d4 Ngf6 4. Nf3 g6 5. c4 Bg7 6. a4 O-O 7.
e3 c5 8. dxc5 dxc5 9. b5 b6 10. a5 Bb7 11. a6 Be4 12. Nc3 Bxf3 13. gxf3 Qc7 14. f4 e6 15. Bg2 Rad8 16. Qc2 Rfe8 17. h4 h5 18. O-O-O Nf8 19. Ne4 Nxe4 20. Bxe4 Rxd1+ 21. Rxd1 Rd8 22. Bxg7 Kxg7 23. Qc3+ Kg8 24. Rd3 Rxd3 25. Qxd3 Qd7 26. Qc3 Qd8 27. Qe5 Nh7 28.
Bc2 Nf6 29. f3 Ne8 30. f5 exf5 31. e4 fxe4 32. Bxe4 Ng7 33. Bd5 Qd7 34. Qb8+ Kh7 35. Qb7 Qf5 36. Qxf7 Qxf7 37. Bxf7 Nf5 38. Kd2 Nxh4 39.
Ke3 Kg7 40. Be6 Kf6 41. Bh3 Ke5 42. f4+ Kf6 43. Ke4 Nf5 44. Kd5 Ne3+ 45. Kc6 Nxc4 46.
Kb7 Nd6+ 47. Kxa7 c4 48. Kxb6 c3 49. a7 c2 50. a8=Q c1=Q 51. Qd8+ Kg7 52. Qxd6 Qg1+ 53. Qc5 Qh1 54. Bd7 h4 55. Qe5+ Kh7 56. Qe7+ Kh6 57.
Qg5+ Kg7 58. f5 1-0

[Event "*** Titled Tuesday Blitz"]
[Site "Chess.com"]
[Date "2020.04.14"]
[Round "5"]
[White "pirulillo"]
[Black "hypert"]
[Result "0-1"]
[WhiteElo "2185"]
[BlackElo "2501"]
[TimeControl "180+1"]
[EndTime "10:50:17 PDT"]
[Termination "hypert won by resignation"]

1. e4 c5 2. Nf3 Nc6 3. Bb5 e6 4. O-O Nge7 5. b3 Nd4 6. Nxd4 cxd4 7. Bb2 Nc6 8. c3 Bc5 9. b4 Bb6 10. a4 a6 11. Bxc6 dxc6 12. e5 O-O 13. Qg4 a5 14.
bxa5 Rxa5 15. cxd4 Rd5 16. a5 Bxd4 17. Nc3 Rxe5 18.
Ra4 c5 19. Kh1 Bd7 20. Rxd4 cxd4 21. Qxd4 Rg5 22. Ne4 Rg6 23. Ba3 Bc6 24. Qb4 Re8 25. f3 Qd3 26. Re1 Bxe4 27. fxe4 h5 28. h3 Rd8 29. Qc3 Qxd2 30. Qxd2 Rxd2 31. Rg1 Ra2 32. Bb4 Re2 0-1

[Event "*** Titled Tuesday Blitz"]
[Site "Chess.com"]
[Date "2020.04.14"]
[Round "5"]
[White "kingnb"]
[Black "paradise10"]
[Result "1/2-1/2"]
[WhiteElo "2415"]
[BlackElo "2729"]
[TimeControl "180+1"]
[EndTime "10:50:17 PDT"]
[Termination "Game drawn by repetition"]

1. e4 c5 2. Nf3 a6 3. c3 d5 4. exd5 Qxd5 5. d4 Nf6 6. Be3 cxd4 7.
cxd4 e6 8. Nc3 Qd6 9. Rc1 Nc6 10.
Be2 Be7 11. O-O O-O 12. a3 b5 13. b4 Bb7 14. Qb3 Rfd8 15. Rfd1 Rac8 16. h3 h6 17. Bd3 Bf8 18. Bb1 Ne7 19. Ne5 Ned5 20. Nxd5 Qxd5 21.
Qxd5 Bxd5 22. Nd3 Bc4 23. Nc5 Bxc5 24. dxc5 Nd5 25. Be4 f5 26. Bxd5 Rxd5 27. Bf4 Rcd8 28. Bd6 Kf7 29. f3 Bb3 30. Rxd5 Bxd5 31. Kf2 Bc6 32.
Ke3 Kf6 33. f4 g5 34. g3 gxf4+ 35. Kxf4 h5 36. Be5+ Kg6 37. Bd6 Kf6 38. Rd1 Bd5 39.
Rc1 Bc6 1/2-1/2

[Event "*** Titled Tuesday Blitz"]
[Site "Chess.com"]
[Date "2020.04.14"]
[Round "5"]
[White "diskeleven"]
[Black "Megagigahiper3345"]
[Result "0-1"]
[WhiteElo "2329"]
[BlackElo "2496"]
[TimeControl "180+1"]
[EndTime "10:50:17 PDT"]
[Termination "Megagigahiper3345 won by resignation"]

1. d4 Nf6 2. c4 e6 3. Nc3 Bb4 4. Nf3 Bxc3+ 5. bxc3 O-O 6. Bg5 d6 7. e3 Nbd7 8. Nd2 Qe7 9. Be2 h6 10. Bh4 b6 11. Bf3 Rb8 12. Qa4 a5 13. Bc6 g5 14.
Bg3 Nh5 15. Rb1 Ndf6 16. c5 dxc5 17. Be5 Ng4 18. Nc4 Ba6 19. h4 Bxc4 20. Qxc4 f6 21.
hxg5 Qf7 22. g6 Qxg6 23. Qxe6+ Rf7 24. O-O Ng7 25. Qd5 fxe5 26. f3 Nxe3 27. Qe4 Qxe4 28. fxe4 Rxf1+ 29. Rxf1 Nxf1 30. Bd5+ Kf8 0-1

[Event "*** Titled Tuesday Blitz"]
[Site "Chess.com"]
[Date "2020.04.14"]
[Round "5"]
[White "erlesfar"]
[Black "AcostaPablo"]
[Result "0-1"]
[WhiteElo "2254"]
[BlackElo "2498"]
[TimeControl "180+1"]
[EndTime "10:50:17 PDT"]
[Termination "AcostaPablo won by resignation"]

1. e4 c5 2. c3 d5 3. exd5 Qxd5 4.
d4 Nf6 5. Nf3 Nc6 6. a3 Bg4 7.
Be2 e6 8. O-O Be7 9. h3 Bh5 10.
Be3 cxd4 11. cxd4 O-O 12. Nc3 Qd6 13. Qb3 a6 14. Rfd1 b5 15. Rac1 Rfd8 16. Qa2 Rac8 17. b4 Bg6 18. Nh4 Bh5 19. Bxh5 Nxh5 20. Nf3 Nf6 21. Bg5 h6 22. Bxf6 Bxf6 23. Ne4 Qf4 24. Nxf6+ gxf6 25. Rc5 Ne7 26. Qc2 Kg7 27. Rd3 Qe4 28.
Qd1 Rc6 29. Rxc6 Nxc6 30. d5 Rxd5 31. Rxd5 exd5 32. Nd2 Qd4 33. Qe2 Ne5 34. g3 Qa1+ 35. Kg2 Qxa3 36. Qd1 Qxb4 0-1

[Event "*** Titled Tuesday Blitz"]
[Site "Chess.com"]
[Date "2020.04.14"]
[Round "5"]
[White "filali-marouan"]
[Black "avocadosheena"]
[Result "1-0"]
[WhiteElo "2432"]
[BlackElo "2126"]
[TimeControl "180+1"]
[EndTime "10:50:17 PDT"]
[Termination "filali-marouan won by resignation"]

1. e3 d5 2. d4 Nf6 3. c4 c6 4. f4 Bf5 5. Nf3 e6 6. Nc3 Nbd7 7. Bd3 Bxd3 8. Qxd3 Be7 9. O-O O-O 10.
Ne5 Nxe5 11. fxe5 Nd7 12. e4 dxe4 13. Qxe4 Kh8 14. Be3 Bg5 15. Rf3 Bxe3+ 16. Rxe3 f5 17. Qf3 Qg5 18. Rd1 Rfe8 19. b4 Nf8 20. Qf2 Ng6 21.
Rg3 Qf4 22. Ne2 Qxf2+ 23. Kxf2 Rad8 24. h4 Nxh4 25. Rh1 f4 26. Nxf4 Nf5 27. Rd3 Rxd4 28. Rxd4 Nxd4 29. Rd1 Nf5 30. Nxe6 g6 31. Rd8 Rxd8 32.
Nxd8 Ne7 33. Nxb7 Kg8 34. Ke3 Kf7 35. Ke4 Ke6 36. Nc5+ Kf7 37. a4 h5 38. a5 Nf5 39.
a6 Ke7 40. b5 cxb5 41. cxb5 Kd8 42. b6 axb6 43. a7 bxc5 44. a8=Q+ Ke7 45. Qa6 Ng3+ 46.
Kf3 Nf5 47. Qf6+ Kd7 48. Qxg6 Nd4+ 49. Ke4 Ne6 50. Qf7+ Kc6 51. Qxe6+ 1-0

[Event "*** Titled Tuesday Blitz"]
[Site "Chess.com"]
[Date "2020.04.14"]
[Round "5"]
[White "chito89"]
[Black "Savagelittlemole"]
[Result "1/2-1/2"]
[WhiteElo "2784"]
[BlackElo "2616"]
[TimeControl "180+1"]
[EndTime "10:50:18 PDT"]
[Termination "Game drawn by agreement"]

1. d4 d6 2. e4 Nf6 3. Nc3 e5 4. dxe5 dxe5 5. Qxd8+ Kxd8 6. Bc4 Ke8 7. Nge2 Bd6 8. Bg5 c6 9. O-O-O Ke7 10. Bxf7 Rd8 11. Bb3 Nd7 12. Rd2 Nc5 13. Rhd1 Nxb3+ 14. axb3 Be6 15. f4 h6 16. Bh4 exf4 17. Rxd6 Rxd6 18.
e5 Rxd1+ 19. Nxd1 g5 20. exf6+ Kxf6 21. Bf2 Bg4 22. Ndc3 Bxe2 23. Nxe2 Re8 24. Kd2 a6 25. b4 Kf5 26. Nd4+ Ke4 27. Nf3 g4 28. Nh4 h5 29.
Ke2 Rd8 30. c3 Ra8 31. Bb6 Rg8 32. Bc5 Rd8 33. Bd4 Ra8 34. Ng6 a5 35. bxa5 Rxa5 36.
Bh8 c5 1/2-1/2

[Event "*** Titled Tuesday Blitz"]
[Site "Chess.com"]
[Date "2020.04.14"]
[Round "5"]
[White "BaMBoMaTTo"]
[Black "ElliPaehtz"]
[Result "0-1"]
[WhiteElo "2706"]
[BlackElo "2567"]
[TimeControl "180+1"]
[EndTime "10:50:18 PDT"]
[Termination "ElliPaehtz won on time"]

1. e4 c5 2. Nf3 d6 3. d4 cxd4 4.
Nxd4 Nf6 5. Nc3 a6 6. Bg5 Nbd7 7.
Qe2 g6 8. f4 Bg7 9. O-O-O O-O 10. e5 dxe5 11. fxe5 Qa5 12. Nf3 Ng4 13. Rd5 b5 14. h3 Nh6 15. g4 Nb6 16. Rc5 f6 17. Bd2 Nd7 18. Rd5 fxe5 19. Bg2 e6 20. Rxd7 Bxd7 21.
Nxe5 b4 22. Nxd7 bxc3 23. Qxe6+ Kh8 24. Bxa8 cxd2+ 25. Kb1 Rxa8 26. Rd1 Qb4 27. Qb3 Qf4 28. Nc5 Rb8 0-1

[Event "*** Titled Tuesday Blitz"]
[Site "Chess.com"]
[Date "2020.04.14"]
[Round "5"]
[White "Muracle"]
[Black "davidkalashian"]
[Result "1-0"]
[WhiteElo "2684"]
[BlackElo "2509"]
[TimeControl "180+1"]
[EndTime "10:50:18 PDT"]
[Termination "Muracle won by resignation"]

1. e4 c6 2. Nf3 g6 3. d3 Bg7 4.
Nc3 d6 5. Be3 Nf6 6. h3 O-O 7.
Qd2 Re8 8. a4 e5 9. Be2 d5 10. Bh6 dxe4 11. dxe4 Qxd2+ 12. Bxd2 Nbd7 13. Be3 Bf8 14. Nd2 Bb4 15. f3 Bc5 16. Kf2 Bxe3+ 17. Kxe3 Nc5 18. Nc4 Nh5 19. Rhd1 f6 20. b4 Ne6 21.
Nd6 Re7 22. Bc4 Kg7 23. Nxc8 Rxc8 24. Bxe6 Rxe6 25. Rd7+ Kh6 26. Rxb7 f5 27. Rd1 f4+ 28. Kf2 a5 29. bxa5 Ra8 30. Rdd7 Kg5 31. Ra7 Rb8 32. a6 Rb2 33. Rd2 c5 34. Rb7 Reb6 35. a7 Rxb7 36. a8=Q Ng3 37. Qd8+ Kh5 38. Nd5 Rb1 39. Nxf4+ exf4 40. Rd5+ Kh6 41. Qf8+ Rg7 42. Qxf4+ g5 43. Qxg3 1-0

[Event "*** Titled Tuesday Blitz"]
[Site "Chess.com"]
[Date "2020.04.14"]
[Round "5"]
[White "Efremov_Vlad"]
[Black "ljuks68"]
[Result "0-1"]
[WhiteElo "2122"]
[BlackElo "2335"]
[TimeControl "180+1"]
[EndTime "10:50:19 PDT"]
[Termination "ljuks68 won by resignation"]

1. d4 d5 2. c4 c6 3. Nf3 Nf6 4. Qc2 e6 5. Bg5 Nbd7 6. e3 Qa5+ 7. Nbd2 Ne4 8. Bh4 Bb4 9. Rd1 g5 10. Bg3 h5 11. h4 Nxg3 12. fxg3 g4 13. Ng1 Bd6 14. Ne2 Nf6 15. c5 Bc7 16. Qc3 Qxc3 17. bxc3 b6 18. cxb6 axb6 19. Ra1 e5 20. c4 O-O 21.
Kf2 dxc4 22. Nxc4 Ne4+ 23. Kg1 exd4 24. Nxd4 Nxg3 25. Nxc6 Nxh1 26. Ne7+ Kg7 27. Kxh1 Be6 28. Bd3 Rfd8 29. Be2 b5 0-1

[Event "*** Titled Tuesday Blitz"]
[Site "Chess.com"]
[Date "2020.04.14"]
[Round "5"]
[White "Haykoooo0o"]
[Black "mphofmann"]
[Result "1-0"]
[WhiteElo "2595"]
[BlackElo "2261"]
[TimeControl "180+1"]
[EndTime "10:50:20 PDT"]
[Termination "Haykoooo0o won on time"]

1. d4 b6 2. c4 Bb7 3. Nc3 e6 4. e4 Bb4 5. f3 f5 6. e5 Nh6 7. Ne2 O-O 8. a3 Bxc3+ 9. bxc3 Nc6 10. Be3 Na5 11. Nc1 Ba6 12. Qa4 Nf7 13. Nb3 Nxb3 14.
Qxb3 d6 15. f4 c6 16. Be2 d5 17. cxd5 Bxe2 18. dxe6 Bd3 19. exf7+ Rxf7 20. c4 Be4 21. O-O a6 22. Rad1 b5 23. a4 bxc4 24. Qxc4 Bd5 25. Qc5 Rb7 26. Rb1 Rab8 27. Rxb7 Rxb7 28. Bf2 Rb2 29. Rc1 Qb8 30. h3 h6 31. Rc2 Rb1+ 32.
Kh2 Qb3 33. Qc3 Qxa4 34. e6 1-0